Map: Newkirk Precinct TE (Void)

Players

lochakkkkk - Winner!

  • Race: Protoss Protoss
  • League: Bronze
  • Spawn Location: 5:00

Fropez

  • Race: Protoss Protoss
  • League: Gold
  • Spawn Location: 7:00

VOD

Have the link to the VOD?

Description

Time

  • Played on: Nov. 30, 2016, 2:41 p.m.
  • Length: 10:59
Show
View Real Time Build Order
Export as new Build Order

lochakkkkk Protoss - Winner!

Build Orders:  

Get SALT Encoding   

  12  0:07  Probe (Chrono Boost)  
  13  0:18  Probe (Chrono Boost)  
  14  0:21  Pylon  
  15  0:28  Probe (Chrono Boost)  
  15  0:40  Probe (Chrono Boost)  
  15  0:42  Gateway  
  16  0:45  Assimilator  
  16  0:50  Probe (Chrono Boost)  
  17  1:01  Probe (Chrono Boost)  
  18  1:04  Gateway  
  19  1:11  Probe (Chrono Boost)  
  19  1:16  Assimilator  
  19  1:22  Probe (Chrono Boost)  
  20  1:32  Probe (Chrono Boost), Cybernetics Core  
  21  1:43  Probe (Chrono Boost)  
  22  1:54  Probe (Chrono Boost)  
  23  2:00  Pylon  
  23  2:09  Warp Gate (Chrono Boost)  
  23  2:18  Adept x2, Probe  
  28  2:30  Probe  
  29  2:44  Gateway  
  29  2:45  Gateway  
  30  2:53  Mothership Core  
  30  2:58  Twilight Council  
  30  3:21  Pylon  
  30  3:34  Robotics Facility  
  30  3:39  Stalker x2  
  32  4:00  Stalker  
  32  4:01  Stalker  
  34  4:19  Pylon  
  34  4:22  Immortal (Chrono Boost)  
  38  4:35  Blink (Chrono Boost)  
  38  5:01  Nexus  
  38  5:02  Pylon  
  38  5:11  Observer  
  39  5:23  Stalker x2  
  43  5:37  Observer  
  44  5:43  Stalker  
  44  5:44  Stalker  
  47  6:04  Probe  
  46  6:13  Probe  
  46  6:16  Probe  
  48  6:24  Probe  
  48  6:28  Probe  
  50  6:33  Forge  
  50  6:37  Pylon  
  50  6:40  Probe  
  50  6:42  Probe, Stalker x2  
  56  6:52  Probe  
  56  6:53  Probe  
  58  7:07  Photon Cannon  
  58  7:09  Stalker x2  
  58  7:13  Probe  
  58  7:14  Probe  
  64  7:24  Probe  
  64  7:26  Probe  
  66  7:31  Stalker x2  
  66  7:34  Probe  
  71  7:39  Probe, Protoss Ground Weapons Level 1 (Chrono Boost)  
  72  7:45  Probe  
  73  7:52  Dark Shrine  
  73  7:54  Assimilator  
  73  7:58  Stalker x2  
  77  8:25  Pylon  
  77  8:27  Pylon  
  77  8:28  Assimilator  
  77  8:29  Pylon  
  77  8:54  Stalker x4  
  81  8:57  Probe  
  81  8:59  Probe  
  83  9:08  Probe  
  84  9:10  Warp Prism (Chrono Boost)  
  84  9:11  Probe  
  87  9:24  Dark Templar x3  
  93  9:32  Pylon  
  93  9:33  Pylon  
  93  9:35  Pylon  
  93  9:54  Nexus  
  93  9:55  Pylon  
  93  10:20  Dark Templar x3  
  93  10:21  Dark Templar  
  99  10:56  Adept x4  
Show
View Real Time Build Order
Export as new Build Order

Fropez Protoss 

Build Orders:  

Get SALT Encoding   

  12  0:01  Probe (Chrono Boost)  
  13  0:14  Pylon  
  13  0:21  Probe (Chrono Boost)  
  14  0:33  Gateway  
  14  0:34  Probe (Chrono Boost)  
  15  0:41  Assimilator  
  15  0:45  Probe (Chrono Boost)  
  16  0:56  Probe (Chrono Boost)  
  17  1:06  Probe (Chrono Boost)  
  18  1:17  Probe (Chrono Boost), Gateway  
  19  1:21  Assimilator  
  19  1:27  Probe (Chrono Boost)  
  20  1:38  Probe (Chrono Boost)  
  21  1:58  Gateway  
  21  2:14  Cybernetics Core  
  21  2:23  Pylon, Zealot  
  21  2:24  Pylon  
  23  2:32  Pylon  
  23  2:35  Pylon  
  23  2:41  Probe (Chrono Boost), Zealot  
  26  2:52  Probe (Chrono Boost)  
  26  3:06  Probe (Chrono Boost)  
  26  3:10  Stargate  
  29  3:13  Adept x2  
  29  3:14  Adept  
  29  3:15  Warp Gate (Chrono Boost)  
  29  3:19  Mothership Core  
  35  3:57  Nexus  
  35  4:01  Probe  
  34  4:07  Void Ray (Chrono Boost)  
  38  4:19  Adept  
  38  4:23  Pylon  
  40  4:30  Probe  
  41  4:34  Adept  
  43  4:57  Void Ray (Chrono Boost)  
  47  5:02  Protoss Air Weapons Level 1 (Chrono Boost)  
  47  5:05  Probe  
  46  5:10  Probe  
  47  5:17  Probe  
  48  5:22  Probe  
  49  5:31  Probe  
  49  5:35  Pylon  
  48  5:47  Void Ray  
  50  5:59  Adept x2  
  50  6:00  Adept  
  52  6:21  Stargate  
  52  6:24  Adept x3  
  58  6:33  Pylon, Probe  
  58  6:37  Pylon  
  59  6:43  Pylon  
  59  6:44  Void Ray (Chrono Boost)  
  63  6:50  Probe  
  64  7:04  Void Ray (Chrono Boost)  
  68  7:11  Probe  
  68  7:12  Probe  
  70  7:16  Adept x3, Assimilator  
  70  7:20  Assimilator  
  76  7:28  Twilight Council  
  76  7:52  Void Ray (Chrono Boost)  
  80  7:59  Probe x2  
  82  8:18  Void Ray (Chrono Boost)  
  87  8:22  Nexus  
  87  8:25  Pylon  
  86  8:31  Void Ray (Chrono Boost)  
  86  8:58  Void Ray (Chrono Boost)  
  90  9:03  Protoss Air Armor Level 1  
  90  9:08  Fleet Beacon  
  90  9:16  Pylon  
  90  9:28  Pylon  
  90  9:33  Assimilator  
  90  9:38  Assimilator  
  90  9:44  Probe  
  97  10:25  Probe x2  
Tags
 
Add a new tag
Caveats
  • Supply blocks, unpowered buildings, or Contaminate may cause inaccurate times.
  • Supply counts are checked every 10 seconds.